Abbotsford Heat vs Cape Breton Oilers
Created - Monday, March 3, 2025 at 08:44
Goals
|
| Abbotsford Heat |
2 |
5 |
2 |
9 |
| Cape Breton Oilers |
0 |
1 |
1 |
2 |
|
Shots
|
| Abbotsford Heat |
18 |
16 |
14 |
48 |
| Cape Breton Oilers |
8 |
13 |
19 |
40 |
|
1st period
1. Abbotsford Heat , Benoit-Olivier Groulx 11 (Garnet Hathaway 19, Uvis Balinskis 10) at 15:18
2. Abbotsford Heat , Garnet Hathaway 16 (Nicolas Petan 19) at 18:04
Penalties :
Matvei Petrov (ABH) for Holding Stick (Minor) at 9:05
2nd period
3. Abbotsford Heat , Xavier Simoneau 8 (Vincent Iorio 4) at 1:38
4. Abbotsford Heat , Dennis Gilbert 2 (Garnet Hathaway 20, Rafael Harvey-Pinard 23) at 7:43 (PP)
5. Abbotsford Heat , Devin Shore 8 (Ben Meyers 10) at 9:56
6. Abbotsford Heat , Matvei Petrov 4 (Devin Shore 22) at 10:02
7. Cape Breton Oilers , Brett Seney 18 (Max Jones 21, Parker Kelly 28) at 12:36
8. Abbotsford Heat , Rafael Harvey-Pinard 10 (Nicolas Petan 20) at 15:42
Penalties :
Dominic Toninato (CBO) for Roughing (Minor) at 7:32, Wyatt Kaiser (CBO) for Fighting (Major) at 10:37, Garnet Hathaway (ABH) for Fighting (Major) at 10:37, Matvei Petrov (ABH) for Roughing (Minor) at 12:39, Dominic Toninato (CBO) for Fighting (Major) at 16:17, Gavin Bayreuther (ABH) for Fighting (Major) at 16:17
3rd period
9. Cape Breton Oilers , Jonny Brodzinski 10 (Dominic Toninato 20) at 4:00
10. Abbotsford Heat , Devin Shore 9 (Xavier Simoneau 3) at 7:52
11. Abbotsford Heat , Garnet Hathaway 17 (Tyler Wotherspoon 10, Uvis Balinskis 11) at 16:24
Penalties :
Devin Shore (ABH) for Holding (Minor) at 11:28, Garnet Hathaway (ABH) for Cross-checking (Minor) at 17:21, Leon Gawanke (CBO) for Fighting (Major) at 19:34, Luke Toporowski (ABH) for Fighting (Major) at 19:34, Brett Seney (CBO) for Tripping (Minor) at 19:39
Goalie Stats
Pheonix Copley (ABH), 38 saves from 40 shots - (0.950), W, 14-5-3, 60:00 minutes
Hunter Jones (CBO), 39 saves from 48 shots - (0.813), L, 8-8-0, 60:00 minutes
Players Stats for Abbotsford Heat
Player Name G A P +/- PIM S H SB GA TA FO MP PP MP PK MP
------------------------------------------------------------------------------------
0 0 0 0 0 0 0 0 0 0 0/0 0:00 0:00 0:00
Ben Meyers 0 1 1 2 0 2 3 0 1 0 1/2 15:27 0:20 0:04
Benoit-Olivier Groulx 1 0 1 0 0 4 0 0 1 0 13/21 15:53 0:00 3:04
Daniil Miromanov 0 0 0 -1 0 3 0 2 0 0 0/0 21:56 0:11 3:56
Dennis Gilbert 1 0 1 -1 0 3 3 3 0 0 0/0 21:56 0:11 3:56
Devin Shore 2 1 3 2 2 8 1 1 1 1 13/22 18:27 0:20 2:42
Gabriel Fortier 0 0 0 0 0 2 1 0 0 0 0/0 12:39 0:00 0:00
Garnet Hathaway 2 2 4 2 7 5 0 2 0 0 2/2 16:37 0:11 1:48
Gavin Bayreuther 0 0 0 4 5 2 1 1 0 2 0/0 14:04 0:00 0:00
Lucas Condotta 0 0 0 2 0 2 0 0 0 0 0/0 9:38 0:00 0:35
Luke Toporowski 0 0 0 1 5 2 1 0 0 0 0/0 7:58 0:00 0:00
Matvei Petrov 1 0 1 2 4 2 2 3 0 0 2/2 15:34 0:20 0:00
Nicolas Petan 0 2 2 3 0 1 2 0 1 0 17/24 19:35 0:11 4:00
Nikita Nesterenko 0 0 0 0 0 1 0 0 0 0 0/0 12:39 0:00 0:00
Rafael Harvey-Pinard 1 1 2 3 0 3 1 1 1 0 2/4 19:32 0:11 3:39
Tyler Wotherspoon 0 1 1 3 0 1 0 2 0 1 0/0 22:25 0:20 4:00
Uvis Balinskis 0 2 2 3 0 1 0 0 0 3 0/0 23:59 0:20 4:00
Vincent Iorio 0 1 1 4 0 0 1 0 0 0 0/0 15:39 0:00 0:00
Xavier Simoneau 1 1 2 1 0 6 0 0 2 0 2/4 7:59 0:00 0:00
Players Stats for Cape Breton Oilers
Player Name G A P +/- PIM S H SB GA TA FO MP PP MP PK MP
------------------------------------------------------------------------------------
0 0 0 0 0 0 0 0 0 0 0/0 0:00 0:00 0:00
Alex Belzile 0 0 0 -2 0 5 0 0 0 0 3/9 14:01 0:00 0:00
Brennan Othmann 0 0 0 -1 0 1 0 0 0 0 0/0 6:40 0:00 0:00
Brett Seney 1 0 1 -2 2 8 3 0 1 0 2/2 18:59 3:50 0:00
Carl Grundstrom 0 0 0 -1 0 4 3 0 0 0 0/0 20:10 4:06 0:00
Dominic Toninato 0 1 1 -1 7 1 3 1 0 0 2/2 18:39 4:06 0:00
Jonny Brodzinski 1 0 1 -1 0 2 1 1 2 0 9/20 20:21 4:06 0:11
Kevin Bahl 0 0 0 -3 0 1 4 1 0 1 0/0 26:36 3:32 0:11
Leon Gawanke 0 0 0 1 5 0 2 0 0 2 0/0 13:46 0:27 0:00
Matt Luff 0 0 0 -2 0 1 1 2 1 0 0/2 14:16 0:00 0:20
Max Jones 0 1 1 -2 0 4 1 0 0 1 0/2 19:31 3:50 0:20
Maxim Groshev 0 0 0 -1 0 2 2 0 0 0 0/0 6:40 0:00 0:00
Nolan Allan 0 0 0 -1 0 0 2 0 0 0 0/0 8:15 0:15 0:00
Parker Kelly 0 1 1 -3 0 2 2 2 0 1 13/42 24:42 3:50 0:11
Philip Broberg 0 0 0 -3 0 1 1 0 1 0 0/0 20:21 4:24 0:20
Vladislav Kolyachonok 0 0 0 -3 0 0 1 1 0 1 0/0 20:21 4:24 0:20
Will Cuylle 0 0 0 -2 0 7 2 0 2 1 0/2 15:27 0:00 0:00
William Trudeau 0 0 0 0 0 0 1 1 0 0 0/0 13:03 0:00 0:00
Wyatt Kaiser 0 0 0 -3 5 1 0 1 0 0 0/0 17:36 2:50 0:11
3 Stars
1 - Devin Shore (ABH)
2 - Rafael Harvey-Pinard (ABH)
3 - Garnet Hathaway (ABH)
Power Play
Abbotsford Heat - 1 on 2 Attempt(s) - 50.00%
Cape Breton Oilers - 0 on 4 Attempt(s) - 0.00%
Penalty Kill
Abbotsford Heat - 4 on 4 Attempt(s) - 100.00%
- Score 0 goal in Penalty Kill
Cape Breton Oilers - 1 on 2 Attempt(s) - 50.00%
- Score 0 goal in Penalty Kill
Team Stat
Abbotsford Heat - Hits : 16 - Faceoff Wins : 52 - Blocked Shots : 15 - Penalty Minutes : 23
Cape Breton Oilers - Hits : 29 - Faceoff Wins : 29 - Blocked Shots : 10 - Penalty Minutes : 19
Official
Referees : Beaudry Halkidis and Brandon Schrader
Linesman : David Brisebois and Brad Kovachik
Game Notes
Garnet Hathaway beats up Wyatt Kaiser at 10:37 of 2nd period
Dominic Toninato and Gavin Bayreuther fight to a draw at 16:17 of 2nd period
Leon Gawanke and Luke Toporowski fight to a draw at 19:34 of 3rd period
Abbotsford Heat
5 vs 5 Forward
Center Left Wing Right Wing Time % Phy DF OF
1 Nicolas Petan Garnet Hathaway Rafael Harvey-Pinard 30 1 2 2
2 Devin Shore Ben Meyers Matvei Petrov 30 1 2 2
3 Benoit-Olivier Groulx Gabriel Fortier Nikita Nesterenko 25 1 2 2
4 Xavier Simoneau Luke Toporowski Lucas Condotta 15 1 2 2
5 vs 5 Defense
Defense Defense Time % Phy DF OF
1 Daniil Miromanov Dennis Gilbert 35 1 2 2
2 Uvis Balinskis Tyler Wotherspoon 35 1 2 2
3 Vincent Iorio Gavin Bayreuther 30 1 2 2
4 Daniil Miromanov Dennis Gilbert 0 1 2 2
PowerPlay Forward
Center Left Wing Right Wing Time % Phy DF OF
1 Nicolas Petan Garnet Hathaway Rafael Harvey-Pinard 50 1 2 2
2 Devin Shore Ben Meyers Matvei Petrov 50 1 2 2
PowerPlay Defense
Defense Defense Time % Phy DF OF
1 Daniil Miromanov Dennis Gilbert 50 1 2 2
2 Uvis Balinskis Tyler Wotherspoon 50 1 2 2
Penalty Kill 4 Players Forward
Center Wing Time % Phy DF OF
1 Garnet Hathaway Nicolas Petan 50 1 2 2
2 Rafael Harvey-Pinard Devin Shore 50 1 2 2
Penalty Kill 4 Players Defense
Defense Defense Time % Phy DF OF
1 Daniil Miromanov Dennis Gilbert 50 1 2 2
2 Uvis Balinskis Tyler Wotherspoon 50 1 2 2
Penalty Kill - 3 Players Forward
Forward Time % Phy DF OF
1 Garnet Hathaway 50 1 2 2
2 Nicolas Petan 50 1 2 2
Penalty Kill - 3 Players Defense
Defense Defense Time % Phy DF OF
1 Daniil Miromanov Dennis Gilbert 50 1 2 2
2 Uvis Balinskis Tyler Wotherspoon 50 1 2 2
4 vs 4 Forward
Center Wing Time % Phy DF OF
1 Garnet Hathaway Nicolas Petan 50 1 2 2
2 Rafael Harvey-Pinard Devin Shore 50 1 2 2
4 vs 4 Defense
Defense Defense Time % Phy DF OF
1 Daniil Miromanov Dennis Gilbert 50 1 2 2
2 Uvis Balinskis Tyler Wotherspoon 50 1 2 2
Last Minutes Offensive
Center Left Wing Right Wing Defense Defense
Nicolas Petan Garnet Hathaway Rafael Harvey-Pinard Daniil Miromanov Dennis Gilbert
Last Minutes Defensive
Center Left Wing Right Wing Defense Defense
Nicolas Petan Garnet Hathaway Rafael Harvey-Pinard Daniil Miromanov Dennis Gilbert
Goaltenders
Starting : Pheonix Copley
Backup : Ales Stezka
Extra Forwards
Normal : Lucas Condotta, Xavier Simoneau, Benoit-Olivier Groulx - PP : Lucas Condotta, Xavier Simoneau - PK : Benoit-Olivier Groulx
Extra Defensemen
Normal : Vincent Iorio, Gavin Bayreuther, Uvis Balinskis - PP : Vincent Iorio - PK : Gavin Bayreuther, Uvis Balinskis
Penalty Shots
Garnet Hathaway, Nicolas Petan, Rafael Harvey-Pinard, Devin Shore, Benoit-Olivier Groulx
Scratches
Kyle Masters (Healthy), Tucker Robertson (Healthy), Ryan Francis (Healthy), Ivan Prosvetov (Healthy)
Cape Breton Oilers
5 vs 5 Forward
Center Left Wing Right Wing Time % Phy DF OF
1 Parker Kelly Brett Seney Max Jones 30 1 2 2
2 Jonny Brodzinski Dominic Toninato Carl Grundstrom 30 1 2 2
3 Alex Belzile Will Cuylle Matt Luff 25 1 2 2
4 Parker Kelly Brennan Othmann Maxim Groshev 15 1 2 2
5 vs 5 Defense
Defense Defense Time % Phy DF OF
1 Kevin Bahl Wyatt Kaiser 30 1 2 2
2 Philip Broberg Vladislav Kolyachonok 30 1 2 2
3 Leon Gawanke William Trudeau 25 1 2 2
4 Nolan Allan Kevin Bahl 15 1 2 2
PowerPlay Forward
Center Left Wing Right Wing Time % Phy DF OF
1 Parker Kelly Brett Seney Max Jones 50 1 2 2
2 Jonny Brodzinski Dominic Toninato Carl Grundstrom 50 1 2 2
PowerPlay Defense
Defense Defense Time % Phy DF OF
1 Kevin Bahl Wyatt Kaiser 50 1 2 2
2 Philip Broberg Vladislav Kolyachonok 50 1 2 2
Penalty Kill 4 Players Forward
Center Wing Time % Phy DF OF
1 Parker Kelly Jonny Brodzinski 50 1 2 2
2 Max Jones Brett Seney 50 1 2 2
Penalty Kill 4 Players Defense
Defense Defense Time % Phy DF OF
1 Kevin Bahl Wyatt Kaiser 50 1 2 2
2 Philip Broberg Vladislav Kolyachonok 50 1 2 2
Penalty Kill - 3 Players Forward
Forward Time % Phy DF OF
1 Parker Kelly 50 1 2 2
2 Jonny Brodzinski 50 1 2 2
Penalty Kill - 3 Players Defense
Defense Defense Time % Phy DF OF
1 Kevin Bahl Wyatt Kaiser 50 1 2 2
2 Philip Broberg Vladislav Kolyachonok 50 1 2 2
4 vs 4 Forward
Center Wing Time % Phy DF OF
1 Parker Kelly Jonny Brodzinski 50 1 2 2
2 Max Jones Brett Seney 50 1 2 2
4 vs 4 Defense
Defense Defense Time % Phy DF OF
1 Kevin Bahl Wyatt Kaiser 50 1 2 2
2 Philip Broberg Vladislav Kolyachonok 50 1 2 2
Last Minutes Offensive
Center Left Wing Right Wing Defense Defense
Parker Kelly Brett Seney Max Jones Kevin Bahl Wyatt Kaiser
Last Minutes Defensive
Center Left Wing Right Wing Defense Defense
Parker Kelly Brett Seney Max Jones Kevin Bahl Wyatt Kaiser
Goaltenders
Starting : Hunter Jones
Backup : Unknown Goalie
Extra Forwards
Normal : Will Cuylle, Alex Belzile, Matt Luff - PP : Will Cuylle, Alex Belzile - PK : Matt Luff
Extra Defensemen
Normal : Leon Gawanke, William Trudeau, Nolan Allan - PP : Leon Gawanke - PK : William Trudeau, Nolan Allan
Penalty Shots
Parker Kelly, Jonny Brodzinski, Max Jones, Brett Seney, Dominic Toninato
Scratches
Chase Stillman (Healthy), Josh Bloom (Healthy), Mike Benning (Healthy), Jonah Gadjovich (Healthy), Jacob Ingham (Healthy)
Joel Blomqvist (Healthy), Matt Villalta (Healthy)
% Time on Ice - Abbotsford Heat
Lines # - Real PCT - Wanted PCT - Time Play
Normal Forward
1 - 30% - 30% - 15:29
2 - 30% - 30% - 15:26
3 - 25% - 25% - 12:39
4 - 15% - 15% - 7:59
Normal Defense
1 - 35% - 35% - 17:49
2 - 35% - 35% - 18:05
3 - 30% - 30% - 15:39
4 - 0% - 0% - 0:00
PP Forward
1 - 35% - 50% - 0:11
2 - 65% - 50% - 0:20
PP Defense
1 - 35% - 50% - 0:11
2 - 65% - 50% - 0:20
PK Forward
1 - 51% - 50% - 4:04
2 - 49% - 50% - 3:52
PK Defense
1 - 50% - 50% - 3:56
2 - 50% - 50% - 4:00
PK3 Forward
1 - 0% - 50%
2 - 0% - 50%
PK3 Defense
1 - 0% - 50%
2 - 0% - 50%
44 Forward
1 - 0% - 50%
2 - 0% - 50%
44 Defense
1 - 0% - 50%
2 - 0% - 50%
Last Minute Offensive - 0:00
Last Minute Defensive - 0:00
Total
Forward - 60:00
Defense - 60:00
|
% Time on Ice - Cape Breton Oilers
Lines # - Real PCT - Wanted PCT - Time Play
Normal Forward
1 - 29% - 30% - 15:10
2 - 32% - 30% - 16:15
3 - 26% - 25% - 13:28
4 - 13% - 15% - 6:40
Normal Defense
1 - 31% - 30% - 15:46
2 - 30% - 30% - 15:37
3 - 25% - 25% - 13:03
4 - 14% - 15% - 7:07
PP Forward
1 - 48% - 50% - 3:50
2 - 52% - 50% - 4:06
PP Defense
1 - 45% - 50% - 3:32
2 - 55% - 50% - 4:24
PK Forward
1 - 35% - 50% - 0:11
2 - 65% - 50% - 0:20
PK Defense
1 - 35% - 50% - 0:11
2 - 65% - 50% - 0:20
PK3 Forward
1 - 0% - 50%
2 - 0% - 50%
PK3 Defense
1 - 0% - 50%
2 - 0% - 50%
44 Forward
1 - 0% - 50%
2 - 0% - 50%
44 Defense
1 - 0% - 50%
2 - 0% - 50%
Last Minute Offensive - 0:00
Last Minute Defensive - 0:00
Total
Forward - 60:00
Defense - 60:00
|
Play-by-Play
1st period
0:01 of 1st period - Parker Kelly wins face-off versus Nicolas Petan in neutral zone.
0:16 of 1st period - Slapshot by Daniil Miromanov.
0:16 of 1st period - Shot Blocked by Parker Kelly.
0:26 of 1st period - Dominic Toninato is hit by Ben Meyers and loses puck.
0:53 of 1st period - Snap shot by Benoit-Olivier Groulx.
0:53 of 1st period - Shot Blocked by Matt Luff.
0:55 of 1st period - Wrist shot by Nikita Nesterenko.
0:55 of 1st period - Stopped by Hunter Jones with a rebound.
0:57 of 1st period - Snap shot by Benoit-Olivier Groulx.
0:57 of 1st period - Shot Misses the Net.
1:07 of 1st period - Gavin Bayreuther is hit by Parker Kelly and loses puck.
1:35 of 1st period - Garnet Hathaway is hit by William Trudeau and loses puck.
2:41 of 1st period - Off-side.
2:42 of 1st period - Rafael Harvey-Pinard wins face-off versus Will Cuylle in neutral zone.
2:53 of 1st period - Snap shot by Garnet Hathaway.
2:53 of 1st period - Stopped by Hunter Jones with a rebound.
3:30 of 1st period - Benoit-Olivier Groulx is hit by Nolan Allan and loses puck.
3:35 of 1st period - Snap shot by Brett Seney.
3:35 of 1st period - Stopped by Pheonix Copley without a rebound.
3:36 of 1st period - Benoit-Olivier Groulx wins face-off versus Alex Belzile in Abbotsford Heat zone.
3:36 of 1st period - Benoit-Olivier Groulx is hit by Will Cuylle.
3:52 of 1st period - Slapshot by Gabriel Fortier.
3:52 of 1st period - Shot Misses the Net.
4:21 of 1st period - Leon Gawanke is hit by Nicolas Petan.
4:27 of 1st period - Daniil Miromanov is hit by Dominic Toninato.
5:17 of 1st period - Daniil Miromanov is hit by Brett Seney and loses puck.
6:21 of 1st period - Nikita Nesterenko is hit by Carl Grundstrom.
6:46 of 1st period - Ben Meyers is hit by Kevin Bahl and loses puck.
7:04 of 1st period - Wrist shot by Will Cuylle.
7:04 of 1st period - Stopped by Pheonix Copley without a rebound.
7:05 of 1st period - Nicolas Petan wins face-off versus Parker Kelly in Abbotsford Heat zone.
7:31 of 1st period - Snap shot by Benoit-Olivier Groulx.
7:31 of 1st period - Shot Blocked by William Trudeau.
7:33 of 1st period - Slapshot by Vincent Iorio.
7:33 of 1st period - Shot Blocked by Parker Kelly.
7:35 of 1st period - Snap shot by Gabriel Fortier.
7:35 of 1st period - Stopped by Hunter Jones with a rebound.
7:37 of 1st period - Wrist shot by Benoit-Olivier Groulx.
7:37 of 1st period - Stopped by Hunter Jones without a rebound.
7:38 of 1st period - Benoit-Olivier Groulx wins face-off versus Jonny Brodzinski in Cape Breton Oilers zone.
7:41 of 1st period - Snap shot by Nikita Nesterenko.
7:41 of 1st period - Shot Misses the Net.
8:36 of 1st period - Snap shot by Carl Grundstrom.
8:36 of 1st period - Stopped by Pheonix Copley without a rebound.
8:37 of 1st period - Xavier Simoneau wins face-off versus Jonny Brodzinski in Abbotsford Heat zone.
9:05 of 1st period - Minor Penalty to Matvei Petrov for Holding Stick.
9:06 of 1st period - Garnet Hathaway wins face-off versus Max Jones in Abbotsford Heat zone.
9:06 of 1st period - Garnet Hathaway is hit by Kevin Bahl.
9:42 of 1st period - Wrist shot by Nicolas Petan.
9:42 of 1st period - Deflect By Garnet Hathaway.
9:42 of 1st period - Shot Misses the Net.
9:42 of 1st period - Puck is out of play.
9:43 of 1st period - Rafael Harvey-Pinard wins face-off versus Parker Kelly in Cape Breton Oilers zone.
9:46 of 1st period - Wrist shot by Devin Shore.
9:46 of 1st period - Stopped by Hunter Jones with a rebound.
9:54 of 1st period - Wrist shot by Max Jones.
9:54 of 1st period - Shot Blocked by Daniil Miromanov.
9:56 of 1st period - Slapshot by Max Jones.
9:56 of 1st period - Shot Misses the Net.
9:58 of 1st period - Snap shot by Parker Kelly.
9:58 of 1st period - Shot Blocked by Dennis Gilbert.
10:13 of 1st period - Slapshot by Carl Grundstrom.
10:13 of 1st period - Stopped by Pheonix Copley with a rebound.
11:05 of 1st period - Penalty to Matvei Petrov is over, Matvei Petrov is back on ice.
11:16 of 1st period - Snap shot by Alex Belzile.
11:16 of 1st period - Shot Blocked by Matvei Petrov.
11:18 of 1st period - Slapshot by Leon Gawanke.
11:18 of 1st period - Deflect By Matt Luff.
11:18 of 1st period - Deflect By Daniil Miromanov.
11:18 of 1st period - Shot Misses the Net.
11:18 of 1st period - Puck is out of play.
11:19 of 1st period - Benoit-Olivier Groulx wins face-off versus Matt Luff in Abbotsford Heat zone.
13:37 of 1st period - Icing by Garnet Hathaway.
13:38 of 1st period - Jonny Brodzinski wins face-off versus Nicolas Petan in Abbotsford Heat zone.
13:47 of 1st period - Snap shot by Dominic Toninato.
13:47 of 1st period - Stopped by Pheonix Copley without a rebound.
13:48 of 1st period - Jonny Brodzinski wins face-off versus Devin Shore in Abbotsford Heat zone.
14:03 of 1st period - Slapshot by Devin Shore.
14:03 of 1st period - Shot Misses the Net.
14:29 of 1st period - Snap shot by Carl Grundstrom.
14:29 of 1st period - Stopped by Pheonix Copley without a rebound.
14:30 of 1st period - Brett Seney wins face-off versus Devin Shore in Abbotsford Heat zone.
14:31 of 1st period - Wrist shot by Max Jones.
14:31 of 1st period - Shot Blocked by Daniil Miromanov.
14:33 of 1st period - Slapshot by Philip Broberg.
14:33 of 1st period - Shot Blocked by Devin Shore.
14:35 of 1st period - Slapshot by Vladislav Kolyachonok.
14:35 of 1st period - Shot Blocked by Matvei Petrov.
14:37 of 1st period - Snap shot by Brett Seney.
14:37 of 1st period - Stopped by Pheonix Copley with a rebound.
14:39 of 1st period - Slapshot by Philip Broberg.
14:39 of 1st period - Shot Misses the Net.
14:41 of 1st period - Snap shot by Brett Seney.
14:41 of 1st period - Shot Misses the Net.
14:43 of 1st period - Snap shot by Brett Seney.
14:43 of 1st period - Shot Misses the Net.
14:45 of 1st period - Slapshot by Brett Seney.
14:45 of 1st period - Stopped by Pheonix Copley with a rebound.
14:55 of 1st period - Alex Belzile is hit by Nicolas Petan and loses puck.
15:18 of 1st period - Snap shot by Benoit-Olivier Groulx.
15:18 of 1st period - Goal by Benoit-Olivier Groulx - Abbotsford Heat : 1 - Cape Breton Oilers : 0.
15:19 of 1st period - Brett Seney wins face-off versus Benoit-Olivier Groulx in neutral zone.
15:44 of 1st period - Wyatt Kaiser is hit by Matvei Petrov and loses puck.
16:11 of 1st period - Slapshot by Daniil Miromanov.
16:11 of 1st period - Stopped by Hunter Jones with a rebound.
16:13 of 1st period - Slapshot by Daniil Miromanov.
16:13 of 1st period - Deflect By Luke Toporowski.
16:13 of 1st period - Stopped by Hunter Jones without a rebound.
16:14 of 1st period - Parker Kelly wins face-off versus Xavier Simoneau in Cape Breton Oilers zone.
16:19 of 1st period - Parker Kelly is hit by Dennis Gilbert and loses puck.
16:36 of 1st period - Snap shot by Xavier Simoneau.
16:36 of 1st period - Shot Blocked by Matt Luff.
16:38 of 1st period - Snap shot by Lucas Condotta.
16:38 of 1st period - Stopped by Hunter Jones with a rebound.
16:40 of 1st period - Slapshot by Daniil Miromanov.
16:40 of 1st period - Shot Misses the Net.
16:42 of 1st period - Wrist shot by Dennis Gilbert.
16:42 of 1st period - Stopped by Hunter Jones with a rebound.
16:44 of 1st period - Snap shot by Daniil Miromanov.
16:44 of 1st period - Stopped by Hunter Jones with a rebound.
16:46 of 1st period - Slapshot by Dennis Gilbert.
16:46 of 1st period - Deflect By Xavier Simoneau.
16:46 of 1st period - Stopped by Hunter Jones with a rebound.
16:48 of 1st period - Slapshot by Daniil Miromanov.
16:48 of 1st period - Shot Misses the Net.
17:12 of 1st period - Wrist shot by Xavier Simoneau.
17:12 of 1st period - Stopped by Hunter Jones without a rebound.
17:13 of 1st period - Nicolas Petan wins face-off versus Parker Kelly in Cape Breton Oilers zone.
17:14 of 1st period - Snap shot by Garnet Hathaway.
17:14 of 1st period - Stopped by Hunter Jones with a rebound.
17:38 of 1st period - Carl Grundstrom is hit by Matvei Petrov and loses puck.
17:45 of 1st period - Slapshot by Kevin Bahl.
17:45 of 1st period - Deflect By Carl Grundstrom.
17:45 of 1st period - Shot Misses the Net.
17:45 of 1st period - Puck is out of play.
17:46 of 1st period - Benoit-Olivier Groulx wins face-off versus Parker Kelly in Abbotsford Heat zone.
17:55 of 1st period - Wrist shot by Gabriel Fortier.
17:55 of 1st period - Shot Misses the Net.
17:57 of 1st period - Slapshot by Gavin Bayreuther.
17:57 of 1st period - Deflect By Leon Gawanke.
17:57 of 1st period - Stopped by Hunter Jones with a rebound.
17:59 of 1st period - Wrist shot by Benoit-Olivier Groulx.
17:59 of 1st period - Stopped by Hunter Jones without a rebound.
18:00 of 1st period - Parker Kelly wins face-off versus Nicolas Petan in Cape Breton Oilers zone.
18:02 of 1st period - Icing by Max Jones.
18:03 of 1st period - Nicolas Petan wins face-off versus Parker Kelly in Cape Breton Oilers zone.
18:04 of 1st period - Snap shot by Garnet Hathaway.
18:04 of 1st period - Goal by Garnet Hathaway - Abbotsford Heat : 2 - Cape Breton Oilers : 0.
18:05 of 1st period - Parker Kelly wins face-off versus Nicolas Petan in neutral zone.
18:05 of 1st period - Parker Kelly is hit by Rafael Harvey-Pinard.
18:13 of 1st period - Garnet Hathaway is hit by Max Jones and loses puck.
18:30 of 1st period - Garnet Hathaway is hit by Nolan Allan and loses puck.
19:13 of 1st period - Snap shot by Rafael Harvey-Pinard.
19:13 of 1st period - Shot Blocked by Kevin Bahl.
19:43 of 1st period - Snap shot by Brennan Othmann.
19:43 of 1st period - Deflect By Parker Kelly.
19:43 of 1st period - Shot Blocked by Garnet Hathaway.
19:43 of 1st period - Puck is out of play.
19:44 of 1st period - Devin Shore wins face-off versus Jonny Brodzinski in Abbotsford Heat zone.
19:51 of 1st period - Snap shot by Devin Shore.
19:51 of 1st period - Stopped by Hunter Jones with a rebound.
Goals for this period are 2 for Abbotsford Heat vs 0 for Cape Breton Oilers.
Shots for this period are 18 for Abbotsford Heat vs 8 for Cape Breton Oilers.
2nd period
0:01 of 2nd period - Parker Kelly wins face-off versus Ben Meyers in neutral zone.
0:06 of 2nd period - Snap shot by Max Jones.
0:06 of 2nd period - Shot Blocked by Gavin Bayreuther.
0:16 of 2nd period - Snap shot by Ben Meyers.
0:16 of 2nd period - Stopped by Hunter Jones without a rebound.
0:17 of 2nd period - Alex Belzile wins face-off versus Benoit-Olivier Groulx in Cape Breton Oilers zone.
0:22 of 2nd period - Snap shot by Will Cuylle.
0:22 of 2nd period - Stopped by Pheonix Copley without a rebound.
0:23 of 2nd period - Alex Belzile wins face-off versus Benoit-Olivier Groulx in Abbotsford Heat zone.
0:32 of 2nd period - Slapshot by Matt Luff.
0:32 of 2nd period - Shot Hit the Post.
0:34 of 2nd period - Slapshot by Wyatt Kaiser.
0:34 of 2nd period - Shot Hit the Post.
1:38 of 2nd period - Snap shot by Xavier Simoneau.
1:38 of 2nd period - Goal by Xavier Simoneau - Abbotsford Heat : 3 - Cape Breton Oilers : 0.
1:39 of 2nd period - Parker Kelly wins face-off versus Benoit-Olivier Groulx in neutral zone.
1:44 of 2nd period - Snap shot by Max Jones.
1:44 of 2nd period - Stopped by Pheonix Copley without a rebound.
1:45 of 2nd period - Benoit-Olivier Groulx wins face-off versus Parker Kelly in Abbotsford Heat zone.
1:50 of 2nd period - Parker Kelly is hit by Gavin Bayreuther and loses puck.
2:24 of 2nd period - Snap shot by Will Cuylle.
2:24 of 2nd period - Shot Misses the Net.
2:34 of 2nd period - Gavin Bayreuther is hit by Kevin Bahl and loses puck.
2:53 of 2nd period - Matvei Petrov is hit by Parker Kelly and loses puck.
3:10 of 2nd period - Snap shot by Alex Belzile.
3:10 of 2nd period - Stopped by Pheonix Copley with a rebound.
3:12 of 2nd period - Snap shot by Alex Belzile.
3:12 of 2nd period - Deflect By Rafael Harvey-Pinard.
3:12 of 2nd period - Shot Blocked by Tyler Wotherspoon.
3:12 of 2nd period - Puck is out of play.
3:13 of 2nd period - Nicolas Petan wins face-off versus Alex Belzile in Abbotsford Heat zone.
3:13 of 2nd period - Nicolas Petan is hit by Matt Luff.
6:10 of 2nd period - Snap shot by Xavier Simoneau.
6:10 of 2nd period - Shot Misses the Net.
6:12 of 2nd period - Slapshot by Daniil Miromanov.
6:12 of 2nd period - Stopped by Hunter Jones without a rebound.
6:13 of 2nd period - Devin Shore wins face-off versus Alex Belzile in Cape Breton Oilers zone.
7:09 of 2nd period - Snap shot by Rafael Harvey-Pinard.
7:09 of 2nd period - Shot Hit the Post.
7:25 of 2nd period - Snap shot by Luke Toporowski.
7:25 of 2nd period - Stopped by Hunter Jones with a rebound.
7:29 of 2nd period - Slapshot by Lucas Condotta.
7:29 of 2nd period - Stopped by Hunter Jones without a rebound.
7:30 of 2nd period - Jonny Brodzinski wins face-off versus Devin Shore in Cape Breton Oilers zone.
7:32 of 2nd period - Minor Penalty to Dominic Toninato for Roughing.
7:33 of 2nd period - Nicolas Petan wins face-off versus Parker Kelly in Cape Breton Oilers zone.
7:33 of 2nd period - Wrist shot by Garnet Hathaway.
7:33 of 2nd period - Stopped by Hunter Jones with a rebound.
7:35 of 2nd period - Wrist shot by Garnet Hathaway.
7:35 of 2nd period - Shot Misses the Net.
7:37 of 2nd period - Slapshot by Dennis Gilbert.
7:37 of 2nd period - Stopped by Hunter Jones with a rebound.
7:39 of 2nd period - Wrist shot by Rafael Harvey-Pinard.
7:39 of 2nd period - Shot Misses the Net.
7:41 of 2nd period - Slapshot by Garnet Hathaway.
7:41 of 2nd period - Shot Blocked by Wyatt Kaiser.
7:43 of 2nd period - Wrist shot by Dennis Gilbert.
7:43 of 2nd period - Deflect By Parker Kelly.
7:43 of 2nd period - Goal by Dennis Gilbert - Abbotsford Heat : 4 - Cape Breton Oilers : 0.
7:44 of 2nd period - Parker Kelly wins face-off versus Devin Shore in neutral zone.
9:17 of 2nd period - Wrist shot by Brett Seney.
9:17 of 2nd period - Shot Misses the Net.
9:23 of 2nd period - Wrist shot by Ben Meyers.
9:23 of 2nd period - Shot Misses the Net.
9:25 of 2nd period - Snap shot by Matvei Petrov.
9:25 of 2nd period - Deflect By Ben Meyers.
9:25 of 2nd period - Stopped by Hunter Jones with a rebound.
9:42 of 2nd period - Off-side.
9:43 of 2nd period - Benoit-Olivier Groulx wins face-off versus Jonny Brodzinski in neutral zone.
9:52 of 2nd period - Snap shot by Benoit-Olivier Groulx.
9:52 of 2nd period - Stopped by Hunter Jones without a rebound.
9:53 of 2nd period - Devin Shore wins face-off versus Jonny Brodzinski in Cape Breton Oilers zone.
9:56 of 2nd period - Wrist shot by Devin Shore.
9:56 of 2nd period - Goal by Devin Shore - Abbotsford Heat : 5 - Cape Breton Oilers : 0.
9:57 of 2nd period - Devin Shore wins face-off versus Parker Kelly in neutral zone.
10:02 of 2nd period - Snap shot by Matvei Petrov.
10:02 of 2nd period - Goal by Matvei Petrov - Abbotsford Heat : 6 - Cape Breton Oilers : 0.
10:03 of 2nd period - Devin Shore wins face-off versus Parker Kelly in neutral zone.
10:35 of 2nd period - Dominic Toninato is hit by Vincent Iorio and loses puck.
10:37 of 2nd period - Garnet Hathaway beats up Wyatt Kaiser.
10:37 of 2nd period - Penalty to Wyatt Kaiser for Fighting.
10:37 of 2nd period - Penalty to Garnet Hathaway for Fighting.
10:38 of 2nd period - Ben Meyers wins face-off versus Parker Kelly in Cape Breton Oilers zone.
11:42 of 2nd period - Wrist shot by Will Cuylle.
11:42 of 2nd period - Stopped by Pheonix Copley without a rebound.
11:43 of 2nd period - Devin Shore wins face-off versus Parker Kelly in Abbotsford Heat zone.
12:10 of 2nd period - Nicolas Petan is hit by Dominic Toninato.
12:16 of 2nd period - Slapshot by Dominic Toninato.
12:16 of 2nd period - Deflect By Carl Grundstrom.
12:16 of 2nd period - Shot Blocked by Tyler Wotherspoon.
12:16 of 2nd period - Puck is out of play.
12:17 of 2nd period - Benoit-Olivier Groulx wins face-off versus Jonny Brodzinski in Abbotsford Heat zone.
12:22 of 2nd period - Wrist shot by Jonny Brodzinski.
12:22 of 2nd period - Stopped by Pheonix Copley without a rebound.
12:23 of 2nd period - Parker Kelly wins face-off versus Devin Shore in Abbotsford Heat zone.
12:26 of 2nd period - Wrist shot by Brett Seney.
12:26 of 2nd period - Stopped by Pheonix Copley without a rebound.
12:27 of 2nd period - Parker Kelly wins face-off versus Devin Shore in Abbotsford Heat zone.
12:36 of 2nd period - Slapshot by Brett Seney.
12:36 of 2nd period - Goal by Brett Seney - Abbotsford Heat : 6 - Cape Breton Oilers : 1.
12:37 of 2nd period - Devin Shore wins face-off versus Parker Kelly in neutral zone.
12:39 of 2nd period - Minor Penalty to Matvei Petrov for Roughing.
12:40 of 2nd period - Jonny Brodzinski wins face-off versus Benoit-Olivier Groulx in Abbotsford Heat zone.
12:46 of 2nd period - Wrist shot by Carl Grundstrom.
12:46 of 2nd period - Shot Misses the Net.
12:56 of 2nd period - Slapshot by Nicolas Petan.
12:56 of 2nd period - Shot Blocked by Vladislav Kolyachonok.
13:08 of 2nd period - Snap shot by Rafael Harvey-Pinard.
13:08 of 2nd period - Stopped by Hunter Jones with a rebound.
13:15 of 2nd period - Icing by Vladislav Kolyachonok.
13:16 of 2nd period - Benoit-Olivier Groulx wins face-off versus Jonny Brodzinski in Cape Breton Oilers zone.
13:25 of 2nd period - Snap shot by Benoit-Olivier Groulx.
13:25 of 2nd period - Deflect By Nicolas Petan.
13:25 of 2nd period - Stopped by Hunter Jones with a rebound.
13:43 of 2nd period - Snap shot by Carl Grundstrom.
13:43 of 2nd period - Shot Blocked by Rafael Harvey-Pinard.
14:34 of 2nd period - Icing by Dominic Toninato.
14:35 of 2nd period - Jonny Brodzinski wins face-off versus Rafael Harvey-Pinard in Cape Breton Oilers zone.
14:39 of 2nd period - Penalty to Matvei Petrov is over, Matvei Petrov is back on ice.
14:53 of 2nd period - Icing by Will Cuylle.
14:54 of 2nd period - Devin Shore wins face-off versus Matt Luff in Cape Breton Oilers zone.
15:21 of 2nd period - Slapshot by Alex Belzile.
15:21 of 2nd period - Stopped by Pheonix Copley with a rebound.
15:23 of 2nd period - Wrist shot by Matt Luff.
15:23 of 2nd period - Stopped by Pheonix Copley with a rebound.
15:25 of 2nd period - Snap shot by Alex Belzile.
15:25 of 2nd period - Stopped by Pheonix Copley with a rebound.
15:27 of 2nd period - Backhand shot by Will Cuylle.
15:27 of 2nd period - Stopped by Pheonix Copley with a rebound.
15:29 of 2nd period - Snap shot by Alex Belzile.
15:29 of 2nd period - Stopped by Pheonix Copley with a rebound.
15:31 of 2nd period - Slapshot by Kevin Bahl.
15:31 of 2nd period - Deflect By Matt Luff.
15:31 of 2nd period - Shot Misses the Net.
15:31 of 2nd period - Puck is out of play.
15:32 of 2nd period - Nicolas Petan wins face-off versus Parker Kelly in Abbotsford Heat zone.
15:32 of 2nd period - Nicolas Petan is hit by Vladislav Kolyachonok.
15:42 of 2nd period - Wrist shot by Nicolas Petan.
15:42 of 2nd period - Deflect By Rafael Harvey-Pinard.
15:42 of 2nd period - Goal by Rafael Harvey-Pinard - Abbotsford Heat : 7 - Cape Breton Oilers : 1.
15:43 of 2nd period - Benoit-Olivier Groulx wins face-off versus Parker Kelly in neutral zone.
15:55 of 2nd period - Tyler Wotherspoon is hit by Brett Seney and loses puck.
16:12 of 2nd period - Off-side.
16:13 of 2nd period - Nicolas Petan wins face-off versus Jonny Brodzinski in neutral zone.
16:17 of 2nd period - Dominic Toninato and Gavin Bayreuther fight to a draw.
16:17 of 2nd period - Penalty to Dominic Toninato for Fighting.
16:17 of 2nd period - Penalty to Gavin Bayreuther for Fighting.
16:18 of 2nd period - Parker Kelly wins face-off versus Benoit-Olivier Groulx in neutral zone.
16:31 of 2nd period - Snap shot by Max Jones.
16:31 of 2nd period - Stopped by Pheonix Copley without a rebound.
16:32 of 2nd period - Jonny Brodzinski wins face-off versus Nicolas Petan in Abbotsford Heat zone.
16:57 of 2nd period - Parker Kelly is hit by Ben Meyers.
16:58 of 2nd period - Icing by Parker Kelly.
16:59 of 2nd period - Parker Kelly wins face-off versus Devin Shore in Cape Breton Oilers zone.
17:19 of 2nd period - Uvis Balinskis is hit by Brett Seney and loses puck.
17:26 of 2nd period - Max Jones is hit by Ben Meyers and loses puck.
17:49 of 2nd period - Leon Gawanke is hit by Devin Shore and loses puck.
17:53 of 2nd period - Icing by Leon Gawanke.
17:54 of 2nd period - Benoit-Olivier Groulx wins face-off versus Parker Kelly in Cape Breton Oilers zone.
17:55 of 2nd period - Slapshot by Gabriel Fortier.
17:55 of 2nd period - Shot Misses the Net.
18:25 of 2nd period - Snap shot by Jonny Brodzinski.
18:25 of 2nd period - Shot Misses the Net.
18:31 of 2nd period - Slapshot by Carl Grundstrom.
18:31 of 2nd period - Shot Blocked by Dennis Gilbert.
18:33 of 2nd period - Snap shot by Jonny Brodzinski.
18:33 of 2nd period - Shot Blocked by Garnet Hathaway.
19:53 of 2nd period - Wrist shot by Xavier Simoneau.
19:53 of 2nd period - Stopped by Hunter Jones with a rebound.
19:55 of 2nd period - Slapshot by Xavier Simoneau.
19:55 of 2nd period - Shot Misses the Net.
Goals for this period are 5 for Abbotsford Heat vs 1 for Cape Breton Oilers.
Shots for this period are 16 for Abbotsford Heat vs 13 for Cape Breton Oilers.
3rd period
0:01 of 3rd period - Parker Kelly wins face-off versus Nicolas Petan in neutral zone.
0:10 of 3rd period - Snap shot by Brennan Othmann.
0:10 of 3rd period - Shot Misses the Net.
0:26 of 3rd period - Uvis Balinskis is hit by Carl Grundstrom.
1:03 of 3rd period - Brett Seney is hit by Dennis Gilbert and loses puck.
1:24 of 3rd period - Snap shot by Alex Belzile.
1:24 of 3rd period - Stopped by Pheonix Copley with a rebound.
1:38 of 3rd period - Off-side.
1:39 of 3rd period - Nicolas Petan wins face-off versus Jonny Brodzinski in neutral zone.
2:43 of 3rd period - Vincent Iorio is hit by Leon Gawanke.
2:49 of 3rd period - Wrist shot by Will Cuylle.
2:49 of 3rd period - Shot Blocked by Matvei Petrov.
2:51 of 3rd period - Slapshot by Philip Broberg.
2:51 of 3rd period - Deflect By Will Cuylle.
2:51 of 3rd period - Stopped by Pheonix Copley with a rebound.
2:55 of 3rd period - Slapshot by Will Cuylle.
2:55 of 3rd period - Deflect By Devin Shore.
2:55 of 3rd period - Stopped by Pheonix Copley without a rebound.
2:56 of 3rd period - Nicolas Petan wins face-off versus Parker Kelly in Abbotsford Heat zone.
3:03 of 3rd period - Wrist shot by Parker Kelly.
3:03 of 3rd period - Stopped by Pheonix Copley with a rebound.
3:05 of 3rd period - Wrist shot by Max Jones.
3:05 of 3rd period - Deflect By Parker Kelly.
3:05 of 3rd period - Stopped by Pheonix Copley without a rebound.
3:06 of 3rd period - Nicolas Petan wins face-off versus Parker Kelly in Abbotsford Heat zone.
3:30 of 3rd period - Snap shot by Max Jones.
3:30 of 3rd period - Shot Blocked by Dennis Gilbert.
3:32 of 3rd period - Snap shot by Kevin Bahl.
3:32 of 3rd period - Stopped by Pheonix Copley without a rebound.
3:33 of 3rd period - Benoit-Olivier Groulx wins face-off versus Jonny Brodzinski in Abbotsford Heat zone.
3:42 of 3rd period - Snap shot by Benoit-Olivier Groulx.
3:42 of 3rd period - Deflect By Gabriel Fortier.
3:42 of 3rd period - Shot Misses the Net.
3:42 of 3rd period - Puck is out of play.
3:43 of 3rd period - Jonny Brodzinski wins face-off versus Benoit-Olivier Groulx in Cape Breton Oilers zone.
4:00 of 3rd period - Snap shot by Jonny Brodzinski.
4:00 of 3rd period - Goal by Jonny Brodzinski - Abbotsford Heat : 7 - Cape Breton Oilers : 2.
4:01 of 3rd period - Devin Shore wins face-off versus Parker Kelly in neutral zone.
5:36 of 3rd period - Snap shot by Devin Shore.
5:36 of 3rd period - Stopped by Hunter Jones with a rebound.
6:22 of 3rd period - Brennan Othmann is hit by Luke Toporowski and loses puck.
6:29 of 3rd period - Daniil Miromanov is hit by Maxim Groshev.
6:44 of 3rd period - Off-side.
6:45 of 3rd period - Devin Shore wins face-off versus Parker Kelly in neutral zone.
7:15 of 3rd period - Uvis Balinskis is hit by Kevin Bahl and loses puck.
7:52 of 3rd period - Wrist shot by Devin Shore.
7:52 of 3rd period - Goal by Devin Shore - Abbotsford Heat : 8 - Cape Breton Oilers : 2.
7:53 of 3rd period - Matvei Petrov wins face-off versus Parker Kelly in neutral zone.
8:02 of 3rd period - Slapshot by Wyatt Kaiser.
8:02 of 3rd period - Shot Misses the Net.
8:04 of 3rd period - Wrist shot by Wyatt Kaiser.
8:04 of 3rd period - Stopped by Pheonix Copley without a rebound.
8:05 of 3rd period - Nicolas Petan wins face-off versus Parker Kelly in Abbotsford Heat zone.
8:12 of 3rd period - Rafael Harvey-Pinard is hit by Leon Gawanke and loses puck.
8:30 of 3rd period - William Trudeau is hit by Gabriel Fortier and loses puck.
9:38 of 3rd period - Snap shot by Devin Shore.
9:38 of 3rd period - Stopped by Hunter Jones with a rebound.
9:40 of 3rd period - Wrist shot by Devin Shore.
9:40 of 3rd period - Shot Misses the Net.
9:42 of 3rd period - Slapshot by Ben Meyers.
9:42 of 3rd period - Shot Misses the Net.
9:44 of 3rd period - Slapshot by Tyler Wotherspoon.
9:44 of 3rd period - Stopped by Hunter Jones without a rebound.
9:45 of 3rd period - Alex Belzile wins face-off versus Nicolas Petan in Cape Breton Oilers zone.
9:52 of 3rd period - Garnet Hathaway is hit by Will Cuylle and loses puck.
10:34 of 3rd period - Luke Toporowski is hit by Philip Broberg and loses puck.
11:14 of 3rd period - Snap shot by Maxim Groshev.
11:14 of 3rd period - Shot Misses the Net.
11:28 of 3rd period - Minor Penalty to Devin Shore for Holding.
11:29 of 3rd period - Garnet Hathaway wins face-off versus Parker Kelly in Abbotsford Heat zone.
11:44 of 3rd period - Snap shot by Parker Kelly.
11:44 of 3rd period - Deflect By Max Jones.
11:44 of 3rd period - Stopped by Pheonix Copley with a rebound.
11:54 of 3rd period - Benoit-Olivier Groulx is hit by Dominic Toninato.
12:39 of 3rd period - Tyler Wotherspoon is hit by Jonny Brodzinski and loses puck.
13:28 of 3rd period - Penalty to Devin Shore is over, Devin Shore is back on ice.
13:37 of 3rd period - Slapshot by Will Cuylle.
13:37 of 3rd period - Stopped by Pheonix Copley without a rebound.
13:38 of 3rd period - Matvei Petrov wins face-off versus Alex Belzile in Abbotsford Heat zone.
13:43 of 3rd period - Slapshot by Gavin Bayreuther.
13:43 of 3rd period - Deflect By Will Cuylle.
13:43 of 3rd period - Stopped by Hunter Jones without a rebound.
13:44 of 3rd period - Devin Shore wins face-off versus Will Cuylle in Cape Breton Oilers zone.
14:17 of 3rd period - Slapshot by Rafael Harvey-Pinard.
14:17 of 3rd period - Stopped by Hunter Jones with a rebound.
14:29 of 3rd period - Gabriel Fortier is hit by Maxim Groshev and loses puck.
14:36 of 3rd period - Snap shot by Maxim Groshev.
14:36 of 3rd period - Deflect By Benoit-Olivier Groulx.
14:36 of 3rd period - Stopped by Pheonix Copley with a rebound.
14:38 of 3rd period - Wrist shot by Maxim Groshev.
14:38 of 3rd period - Stopped by Pheonix Copley with a rebound.
14:40 of 3rd period - Snap shot by Brennan Othmann.
14:40 of 3rd period - Stopped by Pheonix Copley with a rebound.
14:54 of 3rd period - Wrist shot by Xavier Simoneau.
14:54 of 3rd period - Stopped by Hunter Jones without a rebound.
14:55 of 3rd period - Jonny Brodzinski wins face-off versus Xavier Simoneau in Cape Breton Oilers zone.
15:10 of 3rd period - Slapshot by Daniil Miromanov.
15:10 of 3rd period - Shot Blocked by Dominic Toninato.
15:12 of 3rd period - Slapshot by Xavier Simoneau.
15:12 of 3rd period - Stopped by Hunter Jones without a rebound.
15:13 of 3rd period - Nicolas Petan wins face-off versus Parker Kelly in Cape Breton Oilers zone.
15:23 of 3rd period - Icing by Nicolas Petan.
15:24 of 3rd period - Nicolas Petan wins face-off versus Parker Kelly in Abbotsford Heat zone.
15:32 of 3rd period - Off-side.
15:33 of 3rd period - Nicolas Petan wins face-off versus Parker Kelly in neutral zone.
15:38 of 3rd period - Snap shot by Daniil Miromanov.
15:38 of 3rd period - Shot Misses the Net.
15:46 of 3rd period - Snap shot by Max Jones.
15:46 of 3rd period - Stopped by Pheonix Copley without a rebound.
15:47 of 3rd period - Dominic Toninato wins face-off versus Devin Shore in Abbotsford Heat zone.
15:52 of 3rd period - Snap shot by Carl Grundstrom.
15:52 of 3rd period - Stopped by Pheonix Copley with a rebound.
15:58 of 3rd period - Kevin Bahl is hit by Dennis Gilbert and loses puck.
16:10 of 3rd period - Icing by Wyatt Kaiser.
16:11 of 3rd period - Nicolas Petan wins face-off versus Jonny Brodzinski in Cape Breton Oilers zone.
16:20 of 3rd period - Snap shot by Uvis Balinskis.
16:20 of 3rd period - Shot Blocked by Jonny Brodzinski.
16:24 of 3rd period - Snap shot by Garnet Hathaway.
16:24 of 3rd period - Goal by Garnet Hathaway - Abbotsford Heat : 9 - Cape Breton Oilers : 2.
16:25 of 3rd period - Benoit-Olivier Groulx wins face-off versus Parker Kelly in neutral zone.
16:28 of 3rd period - Slapshot by Daniil Miromanov.
16:28 of 3rd period - Shot Misses the Net.
16:39 of 3rd period - Slapshot by Gabriel Fortier.
16:39 of 3rd period - Stopped by Hunter Jones without a rebound.
16:40 of 3rd period - Dominic Toninato wins face-off versus Devin Shore in Cape Breton Oilers zone.
16:45 of 3rd period - Matvei Petrov is hit by Carl Grundstrom and loses puck.
16:52 of 3rd period - Wrist shot by Matvei Petrov.
16:52 of 3rd period - Stopped by Hunter Jones without a rebound.
16:53 of 3rd period - Nicolas Petan wins face-off versus Parker Kelly in Cape Breton Oilers zone.
17:04 of 3rd period - Snap shot by Max Jones.
17:04 of 3rd period - Deflect By Brett Seney.
17:04 of 3rd period - Stopped by Pheonix Copley without a rebound.
17:05 of 3rd period - Parker Kelly wins face-off versus Benoit-Olivier Groulx in Abbotsford Heat zone.
17:14 of 3rd period - Snap shot by Brett Seney.
17:14 of 3rd period - Stopped by Pheonix Copley with a rebound.
17:16 of 3rd period - Wrist shot by Brett Seney.
17:16 of 3rd period - Shot Misses the Net.
17:18 of 3rd period - Wrist shot by Brett Seney.
17:18 of 3rd period - Stopped by Pheonix Copley without a rebound.
17:19 of 3rd period - Nicolas Petan wins face-off versus Alex Belzile in Abbotsford Heat zone.
17:21 of 3rd period - Minor Penalty to Garnet Hathaway for Cross-checking.
17:22 of 3rd period - Benoit-Olivier Groulx wins face-off versus Parker Kelly in Abbotsford Heat zone.
17:58 of 3rd period - Slapshot by Philip Broberg.
17:58 of 3rd period - Deflect By Daniil Miromanov.
17:58 of 3rd period - Stopped by Pheonix Copley without a rebound.
17:59 of 3rd period - Jonny Brodzinski wins face-off versus Rafael Harvey-Pinard in Abbotsford Heat zone.
19:21 of 3rd period - Penalty to Garnet Hathaway is over, Garnet Hathaway is back on ice.
19:31 of 3rd period - Slapshot by Uvis Balinskis.
19:31 of 3rd period - Stopped by Hunter Jones without a rebound.
19:32 of 3rd period - Xavier Simoneau wins face-off versus Alex Belzile in Cape Breton Oilers zone.
19:33 of 3rd period - Wrist shot by Luke Toporowski.
19:33 of 3rd period - Shot Misses the Net.
19:34 of 3rd period - Leon Gawanke and Luke Toporowski fight to a draw.
19:34 of 3rd period - Penalty to Leon Gawanke for Fighting.
19:34 of 3rd period - Penalty to Luke Toporowski for Fighting.
19:35 of 3rd period - Devin Shore wins face-off versus Parker Kelly in Cape Breton Oilers zone.
19:39 of 3rd period - Minor Penalty to Brett Seney for Tripping.
19:40 of 3rd period - Devin Shore wins face-off versus Max Jones in Cape Breton Oilers zone.
19:44 of 3rd period - Snap shot by Devin Shore.
19:44 of 3rd period - Stopped by Hunter Jones with a rebound.
19:46 of 3rd period - Snap shot by Ben Meyers.
19:46 of 3rd period - Deflect By Devin Shore.
19:46 of 3rd period - Stopped by Hunter Jones with a rebound.
Goals for this period are 2 for Abbotsford Heat vs 1 for Cape Breton Oilers.
Shots for this period are 14 for Abbotsford Heat vs 19 for Cape Breton Oilers.
Back to the Top